| TOP OF THE 1ST |
|
Wisconsin Timber Rattlers batting - Pitching for Peoria Chiefs : RHP Jose Rico
|
|
Pitching: RHP Jose Rico
|
|
|
Batting: RHB Chris Maul
|
0-0: Foul Ball, location: 2F 0-1: Foul Ball, location: 2F 0-2: Strikes out swinging
|
|
Batting: RHB Ryan Miller
|
0-0: Fly out, F8 (Flyball, 8RM, EV 98.1 MPH)
|
|
Batting: SHB Justin Hensley
|
0-0: Ball 1-0: Called Strike 1-1: Swinging Strike 1-2: Foul Ball, location: 2F 1-2: Ball 2-2: Ball 3-2: Base on Balls
|
|
Batting: LHB Karel Hort
|
0-0: Ground out 2-3 (Groundball, 2L, EV 78.1 MPH)
|
| Top of the 1st over - 0 runs, 0 hits, 0 errors, 1 left on base; Wisconsin 0 - Peoria 0 |
| BOTTOM OF THE 1ST |
|
Peoria Chiefs batting - Pitching for Wisconsin Timber Rattlers : RHP Mike Ellinwood
|
|
Pitching: RHP Mike Ellinwood
|
|
|
Batting: LHB Tsutomu Miyahara
|
0-0: Ball 1-0: SINGLE (Groundball, 34D, EV 102.5 MPH) (infield hit)
|
|
Batting: RHB Tommy Tracy
|
0-0: Foul Ball, location: 2F 0-1: Swinging Strike 0-2: Ball 1-2: Ball Tsutomu Miyahara steals 2nd base 2-2: Strikes out swinging
|
|
Batting: SHB Gerardo Macias
|
0-0: Ball 1-0: Foul Ball, location: 2F 1-1: Foul Ball, location: 2F 1-2: Foul Ball, location: 2F 1-2: DOUBLE (Groundball, 3L, EV 103.8 MPH) Tsutomu Miyahara scores
|
|
Batting: LHB Dana McDonald
|
0-0: Ball 1-0: Foul Ball, location: 2F 1-1: Called Strike 1-2: Ball 2-2: Ball 3-2: SINGLE (Groundball, 56, EV 98.1 MPH) Gerardo Macias to third
|
|
Batting: RHB Jonathan Davis
|
0-0: Called Strike Dana McDonald steals 2nd base 0-1: Ground out 5-3 (Groundball, 56S, EV 82.5 MPH) Gerardo Macias scores
|
|
Batting: RHB Robby Hickman
|
0-0: Foul Ball, location: 2F 0-1: Ball 1-1: Swinging Strike 1-2: Ground out 2-3 (Groundball, 13S, EV 73.1 MPH)
|
| Bottom of the 1st over - 2 runs, 3 hits, 0 errors, 1 left on base; Wisconsin 0 - Peoria 2 |
| TOP OF THE 2ND |
|
Wisconsin Timber Rattlers batting - Pitching for Peoria Chiefs : RHP Jose Rico
|
|
Batting: RHB Alfredo Sena
|
0-0: Ball 1-0: Foul Ball, location: 2F 1-1: Called Strike 1-2: Strikes out swinging
|
|
Batting: LHB Tyler Francis
|
0-0: Ball 1-0: Called Strike 1-1: Fly out, F9 (Flyball, 9, EV 90.0 MPH)
|
|
Batting: SHB Robert Sayer
|
0-0: Ground out 6-3 (Groundball, 6, EV 89.4 MPH)
|
| Top of the 2nd over - 0 runs, 0 hits, 0 errors, 0 left on base; Wisconsin 0 - Peoria 2 |
| BOTTOM OF THE 2ND |
|
Peoria Chiefs batting - Pitching for Wisconsin Timber Rattlers : RHP Mike Ellinwood
|
|
Batting: RHB Edgar Landim
|
0-0: Ground out 4-3 (Groundball, 34, EV 84.4 MPH)
|
|
Batting: RHB Herbert Loveless
|
0-0: Called Strike 0-1: Swinging Strike 0-2: Ground out U3 (Groundball, 34, EV 101.2 MPH)
|
|
Batting: SHB Hank Arias
|
0-0: Ball 1-0: Ground out 1-3 (Groundball, 13S, EV 66.2 MPH)
|
| Bottom of the 2nd over - 0 runs, 0 hits, 0 errors, 0 left on base; Wisconsin 0 - Peoria 2 |
| TOP OF THE 3RD |
|
Wisconsin Timber Rattlers batting - Pitching for Peoria Chiefs : RHP Jose Rico
|
|
Batting: RHB Dan Allred
|
0-0: Ball 1-0: Ball 2-0: Called Strike 2-1: Swinging Strike 2-2: Ball 3-2: Strikes out swinging
|
|
Batting: RHB Michael Dickerson
|
0-0: SINGLE (Groundball, 6, EV 97.5 MPH)
|
|
Batting: RHB Chris Maul
|
0-0: Ball 1-0: Ball 2-0: Ball 3-0: Called Strike 3-1: Swinging Strike 3-2: Base on Balls Michael Dickerson to second
|
|
Batting: RHB Ryan Miller
|
0-0: Ball 1-0: Fly out, F8 (Flyball, 78D, EV 101.2 MPH)
|
|
Batting: SHB Justin Hensley
|
0-0: Called Strike 0-1: Ball 1-1: Ball 2-1: Swinging Strike 2-2: Foul Ball, location: 2F 2-2: Ball 3-2: Ground out 5-3 (Groundball, 56, EV 87.5 MPH)
|
| Top of the 3rd over - 0 runs, 1 hit, 0 errors, 2 left on base; Wisconsin 0 - Peoria 2 |
| BOTTOM OF THE 3RD |
|
Peoria Chiefs batting - Pitching for Wisconsin Timber Rattlers : RHP Mike Ellinwood
|
|
Batting: LHB Tsutomu Miyahara
|
0-0: Called Strike 0-1: Ball 1-1: Foul Ball, location: 2F 1-2: Ball 2-2: Ground out 4-3 (Groundball, 4, EV 85.6 MPH)
|
|
Batting: RHB Tommy Tracy
|
0-0: Swinging Strike 0-1: Ball 1-1: Ball 2-1: Ball 3-1: Swinging Strike 3-2: Foul Ball, location: 2F 3-2: Base on Balls
|
|
Batting: SHB Gerardo Macias
|
0-0: Ball 1-0: Ball 2-0: Fielders Choice at 2nd, 4-6 (Groundball, 34, EV 81.2 MPH)
|
|
Batting: LHB Dana McDonald
|
0-0: Ball 1-0: Called Strike 1-1: SINGLE (Groundball, 6S, EV 76.2 MPH) (infield hit) Gerardo Macias to second
|
|
Batting: RHB Jonathan Davis
|
0-0: Foul Ball, location: 2F 0-1: Ball 1-1: Ball 2-1: Ground out 4-3 (Groundball, 4S, EV 95.0 MPH)
|
| Bottom of the 3rd over - 0 runs, 1 hit, 0 errors, 2 left on base; Wisconsin 0 - Peoria 2 |
| TOP OF THE 4TH |
|
Wisconsin Timber Rattlers batting - Pitching for Peoria Chiefs : RHP Jose Rico
|
|
Batting: LHB Karel Hort
|
0-0: Ball 1-0: Swinging Strike 1-1: Swinging Strike 1-2: Strikes out looking
|
|
Batting: RHB Alfredo Sena
|
0-0: Swinging Strike 0-1: Foul Ball, location: 2F 0-2: Ball 1-2: Ball 2-2: Foul Ball, location: 2F 2-2: Strikes out swinging
|
|
Batting: LHB Tyler Francis
|
0-0: Ball 1-0: Ball 2-0: Called Strike 2-1: Called Strike 2-2: Foul Ball, location: 2F 2-2: Foul Ball, location: 2F 2-2: Strikes out swinging
|
| Top of the 4th over - 0 runs, 0 hits, 0 errors, 0 left on base; Wisconsin 0 - Peoria 2 |
| BOTTOM OF THE 4TH |
|
Peoria Chiefs batting - Pitching for Wisconsin Timber Rattlers : RHP Mike Ellinwood
|
|
Batting: RHB Robby Hickman
|
0-0: Swinging Strike 0-1: Swinging Strike 0-2: Ball 1-2: Strikes out swinging
|
|
Batting: RHB Edgar Landim
|
0-0: Ball 1-0: Called Strike 1-1: Ball 2-1: Fly out, F9 (Flyball, 89S, EV 92.5 MPH)
|
|
Batting: RHB Herbert Loveless
|
0-0: Ball 1-0: Fly out, F8 (Flyball, 8LD, EV 96.2 MPH)
|
| Bottom of the 4th over - 0 runs, 0 hits, 0 errors, 0 left on base; Wisconsin 0 - Peoria 2 |
| TOP OF THE 5TH |
|
Wisconsin Timber Rattlers batting - Pitching for Peoria Chiefs : RHP Jose Rico
|
|
Batting: SHB Robert Sayer
|
0-0: Ball 1-0: Ground out 4-3 (Groundball, 4, EV 83.8 MPH)
|
|
Batting: RHB Dan Allred
|
0-0: Ground out 5-3 (Groundball, 56, EV 98.1 MPH)
|
|
Batting: RHB Michael Dickerson
|
0-0: Ball 1-0: Called Strike 1-1: Foul Ball, location: 2F 1-2: DOUBLE (Flyball, 78D, EV 108.1 MPH)
|
|
Batting: RHB Chris Maul
|
0-0: Ball 1-0: Ground out 6-3 (Groundball, P, EV 83.1 MPH)
|
| Top of the 5th over - 0 runs, 1 hit, 0 errors, 1 left on base; Wisconsin 0 - Peoria 2 |
| BOTTOM OF THE 5TH |
|
Peoria Chiefs batting - Pitching for Wisconsin Timber Rattlers : RHP Mike Ellinwood
|
|
Batting: SHB Hank Arias
|
0-0: Ball 1-0: Foul Ball, location: 2F 1-1: Ball 2-1: Ball 3-1: Swinging Strike 3-2: Foul Ball, location: 2F 3-2: Foul Ball, location: 2F 3-2: Foul Ball, location: 2F 3-2: Ground out 5-3 (Groundball, 56S, EV 85.6 MPH)
|
|
Batting: LHB Tsutomu Miyahara
|
0-0: Ball 1-0: Called Strike 1-1: Called Strike 1-2: SINGLE (Groundball, 56, EV 100.0 MPH)
|
|
Batting: RHB Tommy Tracy
|
0-0: Ball 1-0: Ball 2-0: TRIPLE (Flyball, 89XD, EV 101.9 MPH) Tsutomu Miyahara scores
|
|
Batting: SHB Gerardo Macias
|
0-0: Ball 1-0: Called Strike 1-1: Called Strike 1-2: Ball 2-2: Strikes out looking
|
|
Batting: LHB Dana McDonald
|
0-0: Ball 1-0: Called Strike 1-1: Ball 2-1: Foul Ball, location: 2F 2-2: Foul Ball, location: 2F 2-2: SINGLE (Groundball, 4M, EV 105.6 MPH) (infield hit) Tommy Tracy scores
|
|
Batting: RHB Jonathan Davis
|
0-0: Ball Dana McDonald steals 2nd base 1-0: Called Strike 1-1: Swinging Strike 1-2: Reached on error, E1 (Groundball, P, EV 68.8 MPH) Dana McDonald to third
|
|
Batting: RHB Robby Hickman
|
0-0: Ball 1-0: Called Strike 1-1: Ball 2-1: Ball 3-1: Foul Ball, location: 2F 3-2: Foul Ball, location: 2F 3-2: Foul Ball, location: 2F 3-2: SINGLE (Groundball, 4M, EV 109.4 MPH) (infield hit) Dana McDonald scores Jonathan Davis to second
|
|
Batting: RHB Edgar Landim
|
0-0: Swinging Strike 0-1: Swinging Strike 0-2: Ball 1-2: Fly out, F7 (Flyball, 7D, EV 86.2 MPH)
|
| Bottom of the 5th over - 3 runs, 4 hits, 1 error, 2 left on base; Wisconsin 0 - Peoria 5 |
| TOP OF THE 6TH |
|
Wisconsin Timber Rattlers batting - Pitching for Peoria Chiefs : RHP Jose Rico
|
|
Batting: RHB Ryan Miller
|
0-0: Ball 1-0: Ground out 5-3 (Groundball, 56S, EV 81.9 MPH)
|
|
Batting: SHB Justin Hensley
|
0-0: Ball 1-0: Ball 2-0: SINGLE (Groundball, 6D, EV 96.2 MPH)
|
|
Batting: LHB Karel Hort
|
0-0: Swinging Strike 0-1: Ball 1-1: Ball 2-1: Ball 3-1: Fielders Choice at 2nd, 4-6 (Groundball, 4, EV 86.2 MPH)
|
|
Batting: RHB Alfredo Sena
|
0-0: Ball 1-0: Called Strike 1-1: Foul Ball, location: 2F 1-2: Foul Ball, location: 2F 1-2: Hit by Pitch Karel Hort to second
|
|
Batting: LHB Tyler Francis
|
0-0: Ball 1-0: Foul Ball, location: 2F 1-1: Swinging Strike 1-2: Foul Ball, location: 2F 1-2: Strikes out swinging
|
| Top of the 6th over - 0 runs, 1 hit, 0 errors, 2 left on base; Wisconsin 0 - Peoria 5 |
| BOTTOM OF THE 6TH |
|
Peoria Chiefs batting - Pitching for Wisconsin Timber Rattlers : RHP Mike Ellinwood
|
|
Batting: RHB Herbert Loveless
|
0-0: Called Strike 0-1: Ball 1-1: Ground out 5-3 (Groundball, 56S, EV 81.9 MPH)
|
|
Pitching: RHP Jay Cowgill
|
|
|
Batting: SHB Hank Arias
|
0-0: Called Strike 0-1: Foul Ball, location: 2F 0-2: Foul Ball, location: 2F 0-2: Ball 1-2: Foul Ball, location: 2F 1-2: SINGLE (Groundball, 5, EV 99.4 MPH)
|
|
Batting: LHB Tsutomu Miyahara
|
0-0: Ball 1-0: Called Strike 1-1: Called Strike 1-2: Fielders Choice at 2nd, 4-6 (Groundball, 4, EV 111.2 MPH)
|
|
Batting: RHB Tommy Tracy
|
0-0: Ball 1-0: Ball 2-0: Called Strike 2-1: Foul Ball, location: 2F 2-2: Ball 3-2: Base on Balls Tsutomu Miyahara to second
|
|
Batting: SHB Gerardo Macias
|
0-0: Ground out 4-3 (Groundball, 4, EV 86.2 MPH)
|
| Bottom of the 6th over - 0 runs, 1 hit, 0 errors, 2 left on base; Wisconsin 0 - Peoria 5 |
| TOP OF THE 7TH |
|
Wisconsin Timber Rattlers batting - Pitching for Peoria Chiefs : RHP Jose Rico
|
|
Batting: SHB Robert Sayer
|
0-0: Called Strike 0-1: Ball 1-1: Fly out, F4 (Popup, 4, EV 70.6 MPH)
|
|
Batting: RHB Dan Allred
|
0-0: Foul Ball, location: 2F 0-1: Ball 1-1: Foul Ball, location: 2F 1-2: Ball 2-2: Ball 3-2: Foul Ball, location: 2F 3-2: Strikes out looking
|
|
Batting: RHB Michael Dickerson
|
0-0: Foul Ball, location: 2F 0-1: Fly out, F8 (Flyball, 89D, EV 82.5 MPH)
|
| Top of the 7th over - 0 runs, 0 hits, 0 errors, 0 left on base; Wisconsin 0 - Peoria 5 |
| BOTTOM OF THE 7TH |
|
Peoria Chiefs batting - Pitching for Wisconsin Timber Rattlers : RHP Jay Cowgill
|
|
Batting: LHB Dana McDonald
|
0-0: Called Strike 0-1: Foul Ball, location: 2F 0-2: Ball 1-2: Fly out, F6 (Popup, 5D, EV 63.1 MPH)
|
|
Batting: RHB Jonathan Davis
|
0-0: Ball 1-0: Foul Ball, location: 2F 1-1: Ground out 4-3 (Groundball, 13, EV 80.6 MPH)
|
|
Batting: RHB Robby Hickman
|
0-0: Fly out, F8 (Flyball, 8RD, EV 98.1 MPH)
|
| Bottom of the 7th over - 0 runs, 0 hits, 0 errors, 0 left on base; Wisconsin 0 - Peoria 5 |
| TOP OF THE 8TH |
|
Wisconsin Timber Rattlers batting - Pitching for Peoria Chiefs : RHP Jose Rico
|
|
Batting: RHB Chris Maul
|
0-0: Fly out, F3 (Popup, 3F, EV 68.1 MPH)
|
|
Batting: RHB Ryan Miller
|
0-0: Called Strike 0-1: Called Strike 0-2: Ball 1-2: Foul Ball, location: 2F 1-2: Ball 2-2: Foul Ball, location: 2F 2-2: Foul Ball, location: 2F 2-2: Foul Ball, location: 2F 2-2: Fly out, F7 (Flyball, 7D, EV 105.0 MPH)
|
|
Batting: SHB Justin Hensley
|
0-0: Swinging Strike 0-1: Ball 1-1: Swinging Strike 1-2: Ball 2-2: Strikes out swinging
|
| Top of the 8th over - 0 runs, 0 hits, 0 errors, 0 left on base; Wisconsin 0 - Peoria 5 |
| BOTTOM OF THE 8TH |
|
Peoria Chiefs batting - Pitching for Wisconsin Timber Rattlers : RHP Jay Cowgill
|
|
Batting: RHB Edgar Landim
|
0-0: Ball 1-0: Ground out 4-3 (Groundball, 4, EV 101.2 MPH)
|
|
Batting: RHB Herbert Loveless
|
0-0: Ball 1-0: Foul Ball, location: 2F 1-1: Ground out 5-3 (Groundball, 56S, EV 88.8 MPH)
|
|
Batting: SHB Hank Arias
|
0-0: Ball 1-0: Ball 2-0: Called Strike 2-1: Ball 3-1: Foul Ball, location: 2F 3-2: Strikes out looking
|
| Bottom of the 8th over - 0 runs, 0 hits, 0 errors, 0 left on base; Wisconsin 0 - Peoria 5 |
| TOP OF THE 9TH |
|
Wisconsin Timber Rattlers batting - Pitching for Peoria Chiefs : RHP Jose Rico
|
|
Pitching: RHP T.J. Stahlman
|
|
|
Batting: LHB Karel Hort
|
0-0: Ground out 6-3 (Groundball, 6, EV 83.1 MPH)
|
|
Batting: RHB Alfredo Sena
|
0-0: Ball 1-0: Ball 2-0: Called Strike 2-1: Ball 3-1: Foul Ball, location: 2F 3-2: Foul Ball, location: 2F 3-2: Foul Ball, location: 2F 3-2: Fly out, F7 (Flyball, 78M, EV 87.5 MPH)
|
|
Batting: LHB Tyler Francis
|
0-0: Foul Ball, location: 2F 0-1: Ball 1-1: Hit by Pitch
|
|
Batting: SHB Robert Sayer
|
0-0: Ball 1-0: Ground out 4-3 (Groundball, 4, EV 78.8 MPH)
|
| Top of the 9th over - 0 runs, 0 hits, 0 errors, 1 left on base; Wisconsin 0 - Peoria 5 |
|